[Event "Festival Primavera Cattolica 2022"]
[Site "Cattolica"]
[Date "2022.03.17"]
[Round "2.9"]
[White "Dimitrov, Radoslav"]
[Black "Park, Evan"]
[Result "1-0"]
[ECO "C48"]
[WhiteElo "2487"]
[BlackElo "2296"]
[Annotator "ChessBase"]
[PlyCount "61"]
[EventDate "2022.03.16"]
[EventType "swiss"]
[EventCountry "ITA"]
[SourceTitle "playchess.com"]
[Source "ChessBase"]
[SourceQuality "1"]
[TimeControl "30/3600+30:1800+30"]

1. e4 e5 2. Nf3 Nc6 3. Nc3 Nf6 4. Bb5 Nd4 5. Bc4 Bc5 6. Nxe5 Qe7 7. Nd3 d5 8. Bxd5 Bg4 9. f3 Nxf3+ 10. gxf3 Nxd5 11. Qe2 Nxc3 12. dxc3 Bd7 13. Be3 Bd6 14. c4 b6 15. O-O-O O-O-O 16. Qg2 Qf8 17. c5 bxc5 18. c4 Bc6 19. Qf2 f5 20. e5 f4 21. Bxc5 Bxc5 22. Nxc5 Qf5 23. e6 Qe5 24. Rxd8+ Rxd8 25. Re1 Qh5 26. b4 g5 27. e7 Re8 28. Qd4 Qxf3 29. Kb1 Qa3 30. Rd1 Qxb4+ 31. Ka1 1-0

[Event "Festival Primavera Cattolica 2022"]
[Site "Cattolica"]
[Date "2022.03.18"]
[Round "5.7"]
[White "Roshka, Yevgeniy"]
[Black "Wachinger, Nikolas"]
[Result "1/2-1/2"]
[ECO "B51"]
[WhiteElo "2478"]
[BlackElo "2398"]
[Annotator "ChessBase"]
[PlyCount "118"]
[EventDate "2022.03.16"]
[EventType "swiss"]
[EventCountry "ITA"]
[SourceTitle "playchess.com"]
[Source "ChessBase"]
[SourceQuality "1"]
[TimeControl "30/3600+30:1800+30"]

1. e4 c5 2. Nf3 d6 3. Bb5+ Nd7 4. O-O a6 5. Bd3 Ngf6 6. Re1 e6 7. c3 b5 8. Bc2 c4 9. a4 Bb7 10. axb5 axb5 11. Ra6 Ra7 12. Rxa7 Qb8 13. Ra8 Qxa8 14. Na3 Bxe4 15. Bxe4 Nxe4 16. Nxb5 Qb7 17. d3 cxd3 18. Qxd3 d5 19. b4 Be7 20. Bg5 Nxg5 21. Nxg5 g6 22. Ra1 O-O 23. Ra7 Qc8 24. Nf3 Bd8 25. g3 Bb6 26. Ra2 Qc6 27. Nbd4 Qc7 28. Nb5 Qc6 29. Nbd4 Qb7 30. Re2 Rc8 31. h4 Qc7 32. Qb5 Nf6 33. Kg2 Ne4 34. Qa6 Qb8 35. Ne5 Rxc3 36. Nd7 Qd6 37. Nxb6 Nxf2 38. Nf3 Ne4 39. Rxe4 dxe4 40. Qa8+ Kg7 41. Qxe4 Rxf3 42. Qxf3 Qxb6 43. Qc3+ Kf8 44. Qc4 Ke7 45. b5 Kd7 46. Kf3 f5 47. Qd3+ Qd6 48. Qc4 h6 49. Qa4 Qb6 50. Qc4 g5 51. hxg5 hxg5 52. Ke2 Qd6 53. Qa4 Qxg3 54. Qa7+ Ke8 55. b6 Qe5+ 56. Kd3 Qd5+ 57. Kc3 Qc5+ 58. Kb3 Qb5+ 59. Ka3 Qc5+ 1/2-1/2

[Event "Festival Primavera Cattolica 2022"]
[Site "Cattolica"]
[Date "2022.03.18"]
[Round "5.8"]
[White "Ohanyan, Emin"]
[Black "Mirzoev, Emil"]
[Result "1-0"]
[ECO "C11"]
[WhiteElo "2379"]
[BlackElo "2460"]
[Annotator "ChessBase"]
[PlyCount "65"]
[EventDate "2022.03.16"]
[EventType "swiss"]
[EventCountry "ITA"]
[SourceTitle "playchess.com"]
[Source "ChessBase"]
[SourceQuality "1"]
[TimeControl "30/3600+30:1800+30"]

1. e4 e6 2. d4 d5 3. Nc3 Nf6 4. e5 Nfd7 5. f4 c5 6. Nf3 Nc6 7. Be3 Be7 8. Qd2 a6 9. Ne2 b5 10. g3 O-O 11. Bg2 b4 12. O-O a5 13. g4 Ba6 14. Rf2 Bxe2 15. Qxe2 cxd4 16. Nxd4 Nxd4 17. Bxd4 Rc8 18. f5 Bc5 19. c3 bxc3 20. bxc3 Bxd4 21. cxd4 Qg5 22. Raf1 Rc4 23. fxe6 fxe6 24. Bxd5 exd5 25. Rxf8+ Nxf8 26. Qf3 h5 27. Qxd5+ Kh7 28. Qxc4 Qxg4+ 29. Kf2 Ne6 30. Ke3 Qg5+ 31. Kd3 Qg2 32. Kc3 Ng5 33. Re1 1-0

[Event "Festival Primavera Cattolica 2022"]
[Site "Cattolica"]
[Date "2022.03.18"]
[Round "5.10"]
[White "Reuker, Jari"]
[Black "Damia, Angelo"]
[Result "1-0"]
[ECO "B80"]
[WhiteElo "2425"]
[BlackElo "2223"]
[Annotator "ChessBase"]
[PlyCount "49"]
[EventDate "2022.03.16"]
[EventType "swiss"]
[EventCountry "ITA"]
[SourceTitle "playchess.com"]
[Source "ChessBase"]
[SourceQuality "1"]
[TimeControl "30/3600+30:1800+30"]

1. e4 c5 2. Nf3 d6 3. d4 cxd4 4. Nxd4 Nf6 5. Nc3 Nc6 6. f3 e6 7. Be3 Bd7 8. Qd2 a6 9. O-O-O b5 10. Nxc6 Bxc6 11. g4 Be7 12. g5 Nd7 13. h4 Qa5 14. Kb1 Ne5 15. f4 b4 16. Nd5 exd5 17. exd5 Nf3 18. Qd3 Bb5 19. Qe4 Bxf1 20. Rhxf1 Nxh4 21. f5 Nxf5 22. Qxf5 Rf8 23. Bd4 g6 24. Qe4 Qd8 25. Rde1 1-0

[Event "Festival Primavera Cattolica 2022"]
[Site "Cattolica"]
[Date "2022.03.19"]
[Round "7.4"]
[White "Davtyan, Artur"]
[Black "Ohanyan, Emin"]
[Result "1/2-1/2"]
[ECO "A11"]
[WhiteElo "2460"]
[BlackElo "2379"]
[Annotator "ChessBase"]
[PlyCount "63"]
[EventDate "2022.03.16"]
[EventType "swiss"]
[EventCountry "ITA"]
[SourceTitle "playchess.com"]
[Source "ChessBase"]
[SourceQuality "1"]
[TimeControl "30/3600+30:1800+30"]

1. Nf3 d5 2. g3 Nf6 3. Bg2 g6 4. b3 Bg7 5. Bb2 O-O 6. O-O Nbd7 7. c4 c6 8. Nc3 Ne4 9. Qc2 Nxc3 10. Bxc3 Bxc3 11. Qxc3 b6 12. cxd5 cxd5 13. Rfc1 e6 14. d3 Bb7 15. Qc7 Rb8 16. b4 Nf6 17. Ne5 Ne8 18. Qd7 Nd6 19. a4 Re8 20. Qxd8 Rexd8 21. Rc7 Rdc8 22. Rd7 Rd8 23. Rc7 Rdc8 24. Rac1 Ne8 25. Rxc8 Rxc8 26. Rxc8 Bxc8 27. Kf1 Bb7 28. Ke1 f6 29. Nf3 Kf7 30. e3 Nc7 31. Kd2 Bc6 32. a5 1/2-1/2

[Event "Festival Primavera Cattolica 2022"]
[Site "Cattolica"]
[Date "2022.03.19"]
[Round "7.8"]
[White "Koellner, Ruben Gideon"]
[Black "Enchev, Ivajlo"]
[Result "1/2-1/2"]
[ECO "D00"]
[WhiteElo "2441"]
[BlackElo "2449"]
[Annotator "ChessBase"]
[PlyCount "85"]
[EventDate "2022.03.16"]
[EventType "swiss"]
[EventCountry "ITA"]
[SourceTitle "playchess.com"]
[Source "ChessBase"]
[SourceQuality "1"]
[TimeControl "30/3600+30:1800+30"]

1. d4 d5 2. Bf4 c5 3. e3 Nc6 4. c3 Nf6 5. Nd2 Bf5 6. Qb3 Qd7 7. Ngf3 c4 8. Qd1 b5 9. Nh4 e6 10. Nxf5 exf5 11. Be2 Bd6 12. Bxd6 Qxd6 13. Qc2 g6 14. b3 O-O 15. O-O Rfc8 16. bxc4 bxc4 17. Rfb1 Qa3 18. Rb7 Rab8 19. Rab1 Rxb7 20. Rxb7 Rb8 21. Rxb8+ Nxb8 22. Nb1 Qa5 23. Qb2 Nbd7 24. Bd1 Ne4 25. Bc2 Nd6 26. Qa3 Qb6 27. Qb4 Kf8 28. Qxb6 axb6 29. a4 Ke7 30. f3 Nf8 31. Nd2 b5 32. axb5 Nxb5 33. Nb1 Nd6 34. Kf2 Nd7 35. Ke2 Nf6 36. Ba4 Kd8 37. Na3 Kc7 38. Nc2 Kb6 39. Nb4 Nb5 40. Kd2 Na7 41. g3 Kb7 42. h3 h5 43. h4 1/2-1/2

[Event "Festival Primavera Cattolica 2022"]
[Site "Cattolica"]
[Date "2022.03.20"]
[Round "8.5"]
[White "Begmuratov, Khumoyun"]
[Black "Ohanyan, Emin"]
[Result "0-1"]
[ECO "B31"]
[WhiteElo "2358"]
[BlackElo "2379"]
[Annotator "ChessBase"]
[PlyCount "146"]
[EventDate "2022.03.16"]
[EventType "swiss"]
[EventCountry "ITA"]
[SourceTitle "playchess.com"]
[Source "ChessBase"]
[SourceQuality "1"]
[TimeControl "30/3600+30:1800+30"]

1. e4 c5 2. Nf3 Nc6 3. Bb5 g6 4. Bxc6 dxc6 5. d3 Qc7 6. Be3 e5 7. Nc3 f6 8. h3 Be6 9. O-O Bd6 10. Qd2 Ne7 11. Ne2 g5 12. c3 Ng6 13. d4 O-O-O 14. Qc2 g4 15. hxg4 Bxg4 16. dxc5 Bxf3 17. gxf3 Rhg8 18. cxd6 Nf4+ 19. Ng3 Qd7 20. Bxf4 exf4 21. Kh2 Qg7 22. Rg1 Qh6+ 23. Kg2 Qh4 24. Kf1 fxg3 25. fxg3 Rxg3 26. Qf2 Rxg1+ 27. Qxg1 Rxd6 28. Ke2 f5 29. Qg8+ Kc7 30. Rg1 Rd7 31. Qg3+ Qxg3 32. Rxg3 fxe4 33. fxe4 h5 34. Rh3 Rh7 35. Rh4 Kd6 36. Kf3 Ke5 37. Ke3 Kf6 38. Kf4 Kg6 39. Rh1 h4 40. e5 h3 41. Rh2 Kf7 42. Kf5 c5 43. c4 a6 44. b3 Rh8 45. a3 a5 46. a4 b6 47. Kg4 Ke6 48. Kf4 Rh7 49. Ke4 Rh4+ 50. Kf3 Kxe5 51. Kg3 Rh6 52. Re2+ Kd4 53. Kh2 Kc3 54. Re3+ Kc2 55. Rg3 Rd6 56. Rxh3 Rd3 57. Rh6 Rxb3 58. Kg2 Rb4 59. Kf3 Kb3 60. Ke3 Kxc4 61. Kd2 Kb3 62. Rh3+ Kxa4 63. Kc2 Kb5 64. Rh8 a4 65. Ra8 Rh4 66. Kb2 Kb4 67. Rg8 c4 68. Rg2 Rd4 69. Rh2 Rd2+ 70. Rxd2 c3+ 71. Kc2 cxd2 72. Kxd2 Kb3 73. Kc1 Ka2 0-1

[Event "Festival Primavera Cattolica 2022"]
[Site "Cattolica"]
[Date "2022.03.20"]
[Round "9.7"]
[White "Davtyan, Artur"]
[Black "Nikolov, Momchil"]
[Result "1/2-1/2"]
[ECO "E11"]
[WhiteElo "2460"]
[BlackElo "2501"]
[Annotator "RC"]
[PlyCount "68"]
[EventDate "2022.03.16"]
[EventType "swiss"]
[EventCountry "ITA"]
[SourceTitle "playchess.com"]
[Source "ChessBase"]
[SourceQuality "1"]
[TimeControl "30/3600+30:1800+30"]

1. d4 Nf6 2. c4 e6 3. Nf3 Bb4+ 4. Bd2 Bxd2+ 5. Qxd2 O-O 6. Nc3 d5 7. e3 Qe7 8. Rc1 dxc4 9. Bxc4 c5 10. O-O Nc6 11. Qe2 Rd8 12. Rfd1 Bd7 13. a3 Rac8 14. Ba2 cxd4 15. exd4 Be8 16. h3 Rd6 17. Nb5 Rdd8 18. Rc2 Nd5 19. Nc3 Nxc3 20. Rxc3 Rd6 21. Re3 Qd8 22. Re4 Ne7 23. Re1 Nd5 24. h4 Nf6 25. Rf4 Qc7 26. Ng5 h6 27. Nxe6 fxe6 28. Bxe6+ Rxe6 29. Qxe6+ Bf7 30. Qf5 Rd8 31. g4 Rd5 32. Re5 Bg6 33. Qe6+ Bf7 34. Qf5 Bg6 1/2-1/2